 Dungeon Crawl Stone Soup version 0.26-a0-651-gb41185065b (webtiles) character file.

Game seed: 10898147133669475530

1444 Irenicus the Geomancer (level 8, -1/62 HPs)
             Began as a Deep Dwarf Earth Elementalist on Oct 16, 2020.
             Was an Initiate of Makhleb.
             Killed from afar by a steam dragon (15 damage)
             ... with a ball of steam
             ... on level 7 of the Dungeon.
             The game lasted 00:24:03 (3206 turns).

Irenicus the Geomancer (DDEE)                       Turns: 3206, Time: 00:24:04

Health: -1/62      AC:  7    Str: 12    XL:     8   Next: 46%
Magic:  16/16      EV: 11    Int: 18    God:    Makhleb [......]
Gold:   62         SH:  0    Dex: 13    Spells: 12/18 levels left

rFire    . . .     SeeInvis .   p - staff of earth
rCold    . . .     Faith    .   (no shield)
rNeg     . . .     Spirit   .   j - +1 ring mail
rPois    .         Reflect  .   (no helmet)
rElec    .         Harm     .   v - +0 cloak
rCorr    .         Rampage  .   (no gloves)
MR       +....                  (no boots)
Stlth    +.........             (no amulet)
HPRegen  0.00/turn              o - ring of stealth {Stlth+}
MPRegen  0.15/turn              b - ring of attention

@: non-regenerating
A: damage resistance, heal wounds, sense surroundings 1, no regeneration
a: Heal Wounds, Renounce Religion


You were on level 7 of the Dungeon.
You worshipped Makhleb.
Makhleb was noncommittal.
You visited 2 branches of the dungeon, and saw 8 of its levels.
You also visited: Sewer.

You collected 446 gold pieces.
You spent 384 gold pieces at shops.

Inventory:

Hand Weapons
 n - a +1 dagger of speed
   (You took it off Ijyb on level 3 of the Dungeon)
Missiles
 e - 19 stones (quivered)
 f - a throwing net {=f, !d}
Armour
 j - a +1 ring mail (worn)
   (You found it on level 2 of the Dungeon)
 l - a +0 buckler
   (You found it on level 3 of the Dungeon)
 v - a +0 cloak (worn)
   (You found it on level 6 of the Dungeon)
Magical Staves
 p - an uncursed staff of earth (weapon)
   (You found it on level 4 of the Dungeon)
Jewellery
 b - a ring of attention (right hand)
   (You found it on level 5 of the Dungeon)
 o - a ring of stealth (left hand) {Stlth+}
   (You found it on level 2 of the Dungeon)
Wands
 s - a wand of disintegration (11)
   (You found it on level 5 of the Dungeon)
Scrolls
 d - 2 scrolls of identify
 g - a scroll of blinking {!r}
 i - 5 scrolls of remove curse
 q - a scroll of enchant armour
 u - 2 scrolls of teleportation
Potions
 a - a potion of brilliance
 c - 4 potions of heal wounds
 h - a potion of lignification {!q}
 k - 2 potions of haste
 m - 2 potions of curing
 r - 3 potions of flight


   Skills:
 - Level 2.1 Staves
 - Level 2.1 Dodging
 - Level 2.4 Stealth
 + Level 5.5 Spellcasting
 - Level 3.2 Conjurations
 - Level 0.8 Transmutations
 - Level 10.0 Earth Magic


You had 12 spell levels left.
You knew the following spells:

 Your Spells              Type           Power        Failure   Level
a - Sandblast             Erth           ######       1%          1
w - Passwall              Tmut/Erth      #####...     4%          2
x - Stone Arrow           Conj/Erth      #####.       5%          3

Your spell library contained the following spells:

 Spells                   Type           Power        Failure   Level
 Lee's Rapid Deconstruct  Erth           ######....   13%         5
 Animate Skeleton         Necr           #.....       28%         1
 Corona                   Hex            #......      28%         1
 Pain                     Necr           #...         28%         1
 Petrify                  Tmut/Erth      #####...     30%         4
 Ensorcelled Hibernation  Hex/Ice        #.....       41%         2
 Dazzling Flash           Conj/Hex       ##....       41%         3
 Confusing Touch          Hex            #.......     65%         3
 Tukima's Dance           Hex            #.......     65%         3
 Vampiric Draining        Necr           #.........   65%         3
 Animate Dead             Necr           #.........   96%         4
 Agony                    Necr           #.......     100%        5


Dungeon Overview and Level Annotations

Branches:
Dungeon (7/15)             Temple (1/1) D:6           Sewer (visited)

Altars:
Dithmenos
Elyvilon
Fedhas
Gozag
Hepliaklqana
Kikubaaqudgha
Makhleb
Okawaru
Qazlal
Ru
Uskayaw
Wu Jian
Xom
Yredelemnul
Zin
The Shining One
Jiyva

Shops:
D:6 *


Innate Abilities, Weirdness & Mutations

You are resistant to damage.
You can heal yourself by infusing magical energy.
You passively map a small area around you.
You do not regenerate.


Message History

Confirm with . or Enter, or press ? or * to list all spells.
Press: ? - help, Dir - move target cursor A rock wall.
You feel a surge of power!
You begin to meditate on the wall.
You continue meditating on the rock. x2
You finish merging with the rock.
Found a stone staircase leading up and a stone staircase leading down.
You now have 12/16 mp.
There is a stone staircase leading down here.
Casting: Passwall (safe; 4% risk of failure)
Confirm with . or Enter, or press ? or * to list all spells.
Okay, then.
Casting: Passwall (safe; 4% risk of failure)
Confirm with . or Enter, or press ? or * to list all spells.
Press: ? - help, Dir - move target cursor A rock wall.
You feel a surge of power!
You begin to meditate on the wall.
You continue meditating on the rock. x2
You finish merging with the rock.
Found two stone staircases leading down and a stone staircase leading up.
You now have 12/16 mp.
You now have 50 gold pieces (gained 9).
MP restored: 16
Casting: Passwall (safe; 4% risk of failure)
Confirm with . or Enter, or press ? or * to list all spells.
Press: ? - help, Dir - move target cursor A rock wall.
You feel a surge of power!
You begin to meditate on the wall.
You continue meditating on the rock. x2
You finish merging with the rock.
You now have 14/16 mp.
i - 5 scrolls of remove curse (gained 2)
Casting: Passwall (safe; 4% risk of failure)
Confirm with . or Enter, or press ? or * to list all spells.
Press: ? - help, Dir - move target cursor A rock wall.
You feel a surge of power!
You begin to meditate on the wall.
You continue meditating on the rock. x2
You finish merging with the rock.
You now have 13/16 mp.
You open the door.
There is an open door here.
MP restored: 16
There is a stone staircase leading down here.
You climb downwards.
A hound comes into view.
There is a stone staircase leading up here.
The hound barks!
Casting: Passwall (safe; 4% risk of failure)
Confirm with . or Enter, or press ? or * to list all spells.
Aiming: Stone Arrow (dangerous; 6% risk of failure)
Press: ? - help, Shift-Dir - straight line, f - hound
Aim: a hound You feel a surge of power!
The stone arrow hits the hound.
The hound is moderately wounded.
You now have 13/16 mp.
Casting: Stone Arrow (dangerous; 6% risk of failure)
Confirm with . or Enter, or press ? or * to list all spells.
Aiming: Stone Arrow (dangerous; 6% risk of failure)
Press: ? - help, Shift-Dir - straight line, f/p - hound
Aim: a hound (moderately wounded)
You feel a surge of power!
The stone arrow misses the hound.
The hound barely misses you.
You now have 10/16 mp.
Casting: Stone Arrow (dangerous; 6% risk of failure)
Confirm with . or Enter, or press ? or * to list all spells.
Aiming: Stone Arrow (dangerous; 6% risk of failure)
Press: ? - help, Shift-Dir - straight line, f/p - hound
Aim: a hound (moderately wounded)
You feel a surge of power!
The stone arrow hits the hound!
You kill the hound!
Makhleb accepts your kill.
You now have 7/16 mp.
Casting: Stone Arrow (dangerous; 5% risk of failure)
Confirm with . or Enter, or press ? or * to list all spells.
You can't see any susceptible monsters within range! (Use Z to cast anyway.) Unknown command.
You see here a hound corpse.
Found a hide-covered altar of Uskayaw.
Found an ornate altar of the Wu Jian Council.
u - 2 scrolls of teleportation (gained 1)
You open the door.
Found an iron altar of Okawaru.
There is an open door here.
You now have 62 gold pieces (gained 12).
There is an ornate altar of the Wu Jian Council here.
Casting: Stone Arrow (dangerous; 5% risk of failure)
Confirm with . or Enter, or press ? or * to list all spells.
Press: ? - help, Dir - move target cursor A rock wall.
You feel a surge of power!
You begin to meditate on the wall.
You continue meditating on the rock. x4
You finish merging with the rock.
You now have 11/16 mp.
MP restored: 16 A bullfrog and a steam dragon come into view.
The steam dragon hisses angrily.
The bullfrog gives a loud, deep croak!
The steam dragon breathes steam at you. The ball of steam hits you!!
You die...

* , * * *
##########
, *
#.@§§DF...
#.########*
#.# * #.#
#.# #.# #.#
*,, #.# *
#.# ,


There were no monsters in sight!

Vanquished Creatures
  Eustachio (D:5)
  An ice beast (D:5)
  A phantom (D:4)
  2 centaurs (D:6)
  A big kobold (Sewer)
  4 killer bees (D:6)
  2 howler monkeys (D:4)
  3 hounds
  A centaur skeleton (D:6)
  2 jellies (D:5)
  A gnoll shaman (D:4)
  2 bullfrog skeletons
  2 worker ants (D:5)
  Ijyb (D:3)
  An iguana (D:4)
  5 gnolls (D:4)
  10 adders
  2 river rats (D:4)
  3 shadow imps
  3 oozes
  3 worms
  2 dart slugs (D:1)
  4 leopard geckos
  2 orcs
  A ball python (D:4)
  4 giant cockroaches
  7 goblins
  A hobgoblin (D:1)
  12 jackals
  8 kobolds
  A quokka (D:3)
  9 bats
  5 frilled lizards
  A jackal skeleton (D:5)
  A jackal zombie (D:6)
  13 rats
122 creatures vanquished.

Notes
Turn   | Place    | Note
-------+----------+-------------------------------------------
     0 | D:1      | Irenicus the Deep Dwarf Earth Elementalist began the quest
                  | for the Orb.
     0 | D:1      | Reached XP level 1. HP: 15/15 MP: 3/3
   126 | D:1      | Reached XP level 2. HP: 20/22 MP: 0/4
   221 | D:1      | Reached skill level 5 in Earth Magic
   256 | D:1      | Learned a level 2 spell: Passwall
   380 | D:1      | Reached XP level 3. HP: 26/28 MP: 2/5
   587 | D:2      | Reached skill level 6 in Earth Magic
   815 | D:2      | Reached XP level 4. HP: 32/36 MP: 1/6
   833 | D:2      | Found a basalt altar of Yredelemnul.
   833 | D:2      | Found a shadowy altar of Dithmenos.
   837 | D:2      | Found an ancient bone altar of Kikubaaqudgha.
   996 | D:3      | Reached skill level 7 in Earth Magic
  1093 | D:3      | Noticed Ijyb
  1135 | D:3      | Reached XP level 5. HP: 26/42 MP: 0/7
  1217 | D:3      | Killed Ijyb
  1281 | D:2      | Reached skill level 8 in Earth Magic
  1425 | D:4      | Noticed a phantom
  1475 | D:4      | Killed a phantom
  1475 | D:4      | Reached skill level 9 in Earth Magic
  1475 | D:4      | Reached XP level 6. HP: 17/49 MP: 0/8
  1580 | D:4      | Learned a level 3 spell: Stone Arrow
  1713 | D:4      | Reached skill level 2 in Spellcasting
  1713 | D:4      | Reached skill level 10 in Earth Magic
  1738 | D:4      | Reached skill level 1 in Conjurations
  1743 | D:4      | Found a glowing drain.
  1761 | D:4      | Reached XP level 7. HP: 44/55 MP: 0/10
  1777 | Sewer    | Entered a sewer
  1836 | Sewer    | Reached skill level 1 in Staves
  1858 | Sewer    | Found a glowing silver altar of Zin.
  1981 | D:4      | Reached skill level 2 in Staves
  2117 | D:4      | Found a sacrificial altar of Ru.
  2134 | D:5      | Entered Level 5 of the Dungeon
  2218 | D:5      | Reached skill level 3 in Spellcasting
  2356 | D:5      | Noticed Eustachio
  2361 | D:5      | Killed Eustachio
  2361 | D:5      | Reached skill level 4 in Spellcasting
  2498 | D:5      | Reached XP level 8. HP: 36/62 MP: 1/14
  2620 | D:6      | Found a white marble altar of Elyvilon.
  2686 | D:6      | HP: 14/62 [killer bee (2)]
  2692 | D:6      | HP: 15/93 [killer bee (3)]
  2695 | D:6      | Reached skill level 5 in Spellcasting
  2705 | D:6      | HP: 12/93 [killer bee (3)]
  2709 | D:6      | Reached skill level 2 in Conjurations
  2720 | D:6      | Reached skill level 3 in Conjurations
  2775 | D:6      | Found Gonwohu's Assorted Antiques.
  2777 | D:6      | HP: 15/62 [centaur/arrow (7)]
  2784 | D:6      | HP: 14/62 [centaur skeleton (1)]
  2799 | D:6      | Bought a papyrus book for 360 gold pieces
  2810 | D:6      | Bought a scroll labeled YSARAS XOLIZ for 24 gold pieces
  2851 | D:6      | Found a staircase to the Ecumenical Temple.
  2866 | Temple   | Entered the Ecumenical Temple
  2922 | Temple   | Became a worshipper of Makhleb the Destroyer
  2929 | Temple   | My first Jiyva temple
  3132 | D:7      | Found a hide-covered altar of Uskayaw.
  3134 | D:7      | Found an ornate altar of the Wu Jian Council.
  3144 | D:7      | Found an iron altar of Okawaru.
  3206 | D:7      | Killed from afar by a steam dragon

Illustrated notes

##...###...##.# ,*
#....##_..##..# ,._ *
, * ##..###...._#.##
... , *
#....##....##..##.. *
##..####_.#.##.#.#,
#....#######....####
#..<..#...#....#...#,
,
#....#...#...._...#..,
*
#....#######...@#####*
##..####_.#.##.#.#._##
#...# #....##..##....#
, #....
#...._#.##_....#**, ,
#.... ##_..##. ##.._##
###.., ##...##,#...##
,, ,, ,##_## ##_## *
### **###, , , *, ,,,
,,


Turn 2929 on Temple: My first Jiyva temple

Levels and vault maps discovered:
D:1:      scummos_arrival_gate, layout_loops_ring
D:2:      layout_rooms, minitemple
D:3:      layout_rooms, serial_bayou_pond_c, grunt_ministairs_13, st_stairs_14,
          uniq_ijyb
D:4:      layout_loops_ring, nicolae_ru_path_of_blood, portal_sewer_entry_b,
          minmay_ruptured
D:5:      layout_basic, st_stairs_9, item_on_display_b, uniq_eustachio
D:6:      layout_gridville, lemuel_coloured_pillars_altar,
          minmay_temple_entry_hall, serial_shops, shop,
          kennysheep_generic_room_9
D:7:      layout_basic, gammafunk_temple_overflow_forgotten
Temple:   pf_slime_end_temple

Skill      XL: |  1  2  3  4  5  6  7  8 |
---------------+-------------------------+-----
Earth Magic    | 5 6 7 9 10 | 10.0
Spellcasting   | 2 4 5 |  5.5
Conjurations   | 1 3 |  3.2
Staves         | 2 |  2.1
Dodging        | |  2.1
Stealth        | |  2.4
Transmutations | |  0.8

Action                   |  1- 3 |  4- 6 |  7- 9 || total
-------------------------+-------+-------+-------++-------
Melee: Spear             |    21 |    14 |       ||    35
       Staff             |       |    18 |    93 ||   111
 Cast: Sandblast         |    41 |    76 |    16 ||   133
       Passwall          |     3 |       |    16 ||    19
       Stone Arrow       |       |     2 |    28 ||    30
  Use: Scroll            |     1 |       |     9 ||    10
       Potion            |       |     2 |     3 ||     5
 Stab: Sleeping          |     2 |     1 |     1 ||     4
Armor: Robe              |     6 |       |       ||     6
       Leather armour    |    10 |       |       ||    10
       Ring mail         |     1 |    29 |    33 ||    63
       Skin              |       |       |    85 ||    85
Dodge: Dodged            |    18 |    48 |    64 ||   130

Table legend: (Time is in decaauts)
 A = Elapsed time spent in this place.
 B = Non-inter-level travel time spent in this place.
 C = Inter-level travel time spent in this place.
 D = Time resting spent in this place.
 E = Time spent auto-exploring this place.
 F = Levels seen in this place.
 G = Mean time per level.
                   A        B        C        D        E       F      G
               +--------+--------+--------+--------+--------+-----+--------+
         Total |   3261 |   3232 |     29 |     13 |      0 |   9 |  362.3 |
       Dungeon |   3049 |   3020 |     29 |     13 |      0 |   7 |  435.6 |
        Temple |     75 |     75 |      0 |      0 |      0 |   1 |   75.0 |
         Sewer |    136 |    136 |      0 |      0 |      0 |   1 |  136.0 |
               +--------+--------+--------+--------+--------+-----+--------+

Top non-repeatable levels by time:
     D:4: 635 daAuts
     D:1: 602 daAuts
     D:6: 460 daAuts
     D:5: 458 daAuts
     D:3: 419 daAuts
     D:2: 375 daAuts
   Sewer: 136 daAuts
     D:7: 97 daAuts
  Temple: 75 daAuts

Table legend:
 A = Kills in this place as a percentage of kills in entire the game.
 B = Kills by you in this place as a percentage of kills by you in the entire game.
 C = Kills by friends in this place as a percentage of kills by friends in the entire game.
 D = Other kills in this place as a percentage of other kills in the entire game.
 E = Experience gained in this place as a percentage of experience gained in the entire game.
 F = Experience gained in this place divided by the number of levels of this place that you have seen.
                   A       B       C       D       E      F
               +-------+-------+-------+-------+-------+----------------------
         Total | 100.0 | 100.0 |   N/A |   N/A | 100.0 | 229.2
       Dungeon |  95.1 |  95.1 |   N/A |   N/A |  94.9 | 279.6
         Sewer |   4.9 |   4.9 |   N/A |   N/A |   5.1 | 106.0
               +-------+-------+-------+-------+-------+----------------------
